 Dungeon Crawl Stone Soup version 0.31-a0-426-g3a05650e59 (webtiles) character file.

Game seed: 11902696721593140560

181 CraigForest the Shield-Bearer (level 5, -2/42 HPs)
             Began as a Formicid Fighter on July 30, 2023.
             Slain by a hobgoblin
             ... wielding a +0 short sword
              (7 damage)
             ... on level 3 of the Dungeon.
             The game lasted 00:13:14 (2843 turns).

CraigForest the Shield-Bearer (Formicid Fighter)    Turns: 2843, Time: 00:13:14

Health: -2/42      AC:  7    Str: 23    XL:     5   Next: 92%
Magic:  5/5        EV: 10    Int:  7    God:
Gold:   202        SH:  5    Dex: 13    Spells: 4/4 levels left

rFire   . . .        a - +0 trident
rCold   . . .        c - +0 buckler
rNeg    + . .        b - +0 scale mail
rPois   .            (helmet unavailable)
rElec   .            (no cloak)
rCorr   .            (no gloves)
SInv    +            (no boots)
Will    .....        (no amulet) Stlth
                     j - ring of positive energy
HPRegen 0.27/turn    (no ring)
MPRegen 0.09/turn

%: no passive effects
@: lethally poisoned (-2 -> -5)
A: permanent stasis, dig shafts and tunnels, antennae 3, four strong arms
a: Dig, Shaft Self


You were on level 3 of the Dungeon.
You visited 1 branch of the dungeon, and saw 3 of its levels.

You collected 202 gold pieces.

Inventory:

Hand Weapons
 a - a +0 trident (weapon)
 n - a +2 dagger of venom
 q - a +0 spear
Missiles
 p - 3 poisoned darts
Armour
 b - a +0 scale mail (worn)
 c - a +0 buckler (worn)
Jewellery
 i - a ring of wizardry
 j - a ring of positive energy (left hand)
 m - a ring of ice
Talismans
 o - a serpent talisman
Scrolls
 f - 2 scrolls of teleportation {unknown}
 k - 2 scrolls of poison {unknown}
 l - a scroll of enchant weapon {unknown}
 s - a scroll of brand weapon {unknown}
Potions
 d - a potion of might
 e - a potion of attraction
 g - a potion of curing
 h - 2 potions of haste
 r - a potion of lignification {unknown}


   Skills:
 + Level 3.9 Fighting
 + Level 3.8 Polearms
 + Level 4.3 Armour
 + Level 1.0 Dodging
 + Level 0.1 Stealth
 + Level 4.8 Shields


You had 4 spell levels left.
You didn't know any spells.
Your spell library was empty.

Dungeon Overview and Level Annotations

Branches:
Dungeon (3/15)

Altars:

Shops:
D:2 [


Innate Abilities, Weirdness & Mutations

You cannot be hasted, slowed, berserked, paralysed or teleported.
You can dig through walls and to a lower floor.
You have a pair of large antennae on your head. (SInv)
Your four strong arms can wield two-handed weapons with a shield.


Message History

The scorpion closely misses you. The scorpion completely misses you.
You barely miss the scorpion.
You feel sick. The scorpion stings you.
You hit the scorpion.
The scorpion is lightly wounded.
You feel sick.
The scorpion stings you but does no damage.
You hit the scorpion.
The scorpion is moderately wounded.
You feel sick.
The scorpion stings you but does no damage.
The scorpion stings you.
You are more poisoned.
The scorpion poisons you!
You completely miss the scorpion.
The scorpion is moderately wounded.
You feel very sick. The scorpion stings you.
You are more poisoned.
The scorpion poisons you!
You puncture the scorpion!
The scorpion is severely wounded.
You feel very sick. The scorpion misses you. The scorpion closely misses you.
You hit the scorpion.
You kill the scorpion!
You feel very sick.
Your Dodging skill increases to level 1!
You closely miss the hobgoblin.
You feel sick. The hobgoblin misses you.
You hit the hobgoblin but do no damage.
You feel very sick. The hobgoblin closely misses you.
The hobgoblin hits you with a +0 short sword.
* * * LOW HITPOINT WARNING * * *
You hit the hobgoblin but do no damage.
You feel sick. The hobgoblin closely misses you.
You hit the hobgoblin.
The hobgoblin is heavily wounded.
You feel sick.
The hobgoblin hits you with a +0 short sword!
You die...

# #.# #
#.# # #.#
### #.#
†.# #. ##
#.#
#.#....
.. #.#
....... ,
#.,#.#
#.#....
.###[.#.#
..#..#.
......g@#
.......
.###..###
###..##
..... .
..# ####!
# ## #. .
##


You could see a hobgoblin.

Vanquished Creatures
  A scorpion (D:3)
  An adder (D:3)
  An ufetubus (D:3)
  3 worms
  2 dart slugs
  6 ball pythons
  4 bats
  5 endoplasms
  5 giant cockroaches
  8 goblins
  5 hobgoblins
  12 jackals
  11 kobolds
  2 quokkas
  A frilled lizard (D:2)
  23 rats
90 creatures vanquished.

Notes
Turn   | Place    | Note
-------+----------+-------------------------------------------
     0 | D:1      | CraigForest the Formicid Fighter began the quest for the
                  | Orb.
     0 | D:1      | Reached XP level 1. HP: 18/18 MP: 1/1
    91 | D:1      | Reached XP level 2. HP: 20/22 MP: 2/2
   530 | D:1      | Reached XP level 3. HP: 28/28 MP: 3/3
  1683 | D:2      | Reached XP level 4. HP: 32/32 MP: 4/4
  1897 | D:2      | Found Baos's Armour Shop.
  2559 | D:3      | Reached XP level 5. HP: 42/42 MP: 5/5
  2840 | D:3      | Reached skill level 1 in Dodging
  2843 | D:3      | Slain by a hobgoblin

Illustrated notes

Levels and vault maps discovered:
D:1:      ncdulo_wetmaze, layout_loops_cross
D:2:      layout_basic, serial_shops, shop
D:3:      minmay_diamond_boxcup, layout_loops_ring, minmay_rat_hole

Skill      XL: |  1  2  3  4  5 |
---------------+----------------+-----
Armour         | 4 |  4.3
Polearms       | 3 |  3.8
Dodging        | 1 |  1.0
Fighting       | |  3.9
Stealth        | |  0.1
Shields        | |  4.8

Action                     |  1- 3 |  4- 6 || total
---------------------------+-------+-------++-------
  Melee: Trident           |   120 |   191 ||   311
Ability: Dig               |     5 |       ||     5
    Use: Scroll            |     2 |     1 ||     3
 Armour: Scale mail        |    37 |   104 ||   141
  Dodge: Dodged            |    33 |    91 ||   124
  Block: Buckler           |    18 |    42 ||    60

Table legend: (Time is in decaauts)
 A = Elapsed time spent in this place.
 B = Non-inter-level travel time spent in this place.
 C = Inter-level travel time spent in this place.
 D = Time resting spent in this place.
 E = Time spent auto-exploring this place.
 F = Levels seen in this place.
 G = Mean time per level.
                   A        B        C        D        E       F      G
               +--------+--------+--------+--------+--------+-----+--------+
         Total |   2906 |   1807 |   1099 |      0 |   1160 |   3 |  968.7 |
       Dungeon |   2906 |   1807 |   1099 |      0 |   1160 |   3 |  968.7 |
               +--------+--------+--------+--------+--------+-----+--------+

Top non-repeatable levels by time:
     D:2: 1295 daAuts
     D:3: 905 daAuts
     D:1: 705 daAuts
